 Dungeon Crawl Stone Soup version 0.17-a0-1397-g0eee0a3 (webtiles) character file.

147 pyrostar991 the Skirmisher (level 5, 0/48 HPs)
             Began as a Minotaur Berserker on June 17, 2015.
             Was a Believer of Trog.
             Shot with an arrow of flame by a centaur (16 damage)
             ... on level 4 of the Dungeon.
             The game lasted 00:04:23 (1347 turns).

pyrostar991 the Skirmisher (Minotaur Berserker)     Turns: 1347, Time: 00:04:23

Health: 0/48       AC:  5    Str: 22    XL:     5   Next: 7%
Magic:  4/4        EV: 11    Int:  4    God:    Trog [**....]
Gold:   91         SH:  0    Dex: 10    Spells: 0 memorised, 4 levels left

rFire  . . .     SeeInvis .     h - +0 halberd
rCold  . . .     Clarity  +     j - +0 ring mail
rNeg   . . .     SustAt   .     (no shield)
rPois  .         Gourm    .     (helmet restricted)
rElec  .         Spirit   .     (no cloak)
rCorr  .         Warding  .     (no gloves)
rMut   .         Stasis   .     (no boots)
MR     .....                    e - amulet of clarity
Stlth  ..........               (no ring)
                                (no ring)

@: not resistant to hostile enchantments, extremely unstealthy
A: retaliatory headbutt, horns 2
a: Burn Spellbooks, Berserk, Trog's Hand, Renounce Religion


You were on level 4 of the Dungeon.
You worshipped Trog.
Trog was pleased with you.
You were not hungry.

You visited 1 branch of the dungeon, and saw 3 of its levels.

You collected 91 gold pieces.

Inventory:

Hand weapons
 a - a +0 spear
 h - a +0 halberd (weapon)
Armour
 b - a +0 animal skin
 j - a +0 ring mail (worn)
Jewellery
 e - an amulet of clarity (around neck)
Scrolls
 d - 2 scrolls of identify {unknown}
 i - 2 scrolls of remove curse {unknown}
 k - a scroll of enchant armour {unknown}
 l - 2 scrolls of fog {unknown}
 m - a scroll of noise {unknown}
 n - a scroll of enchant weapon {unknown}
 o - a scroll of blinking {unknown}
 p - a scroll of fear {unknown}
 r - a scroll of amnesia {unknown}
 t - a scroll of immolation {unknown}
Potions
 q - a potion of ambrosia {unknown}
 s - a potion of agility {unknown}
Comestibles
 c - 2 bread rations
 f - 2 chunks of flesh
 g - 2 meat rations


   Skills:
 * Level 5.3 Fighting
 * Level 4.8 Polearms
 + Level 3.0 Armour
 * Level 3.0 Dodging


You had 4 spell levels left.
You didn't know any spells.

Dungeon Overview and Level Annotations

Branches:
Dungeon (4/15)             Temple (0/1) D:4

Altars:
Fedhas
Okawaru


Innate Abilities, Weirdness & Mutations

You reflexively headbutt those who attack you in melee.
You have a pair of horns on your head.


Message History

Found a blossoming altar of Fedhas.
A centaur comes into view.
The centaur shouts!
The centaur wields a shortbow.
The centaur shoots an arrow of flame.
The arrow of flame hits you! The arrow of flame burns you.
You see here an arrow of flame.
The centaur shoots an arrow of flame.
The arrow of flame hits you. The arrow of flame burns you.
You see here an arrow of flame.
The centaur shoots an arrow of flame.
The arrow of flame barely misses you.
The centaur shoots an arrow of flame.
The arrow of flame barely misses you.
The centaur shoots an arrow of flame.
The arrow of flame misses you.
You see here an arrow of flame.
You see here 3 arrows of flame.
The centaur shoots an arrow of flame.
The arrow of flame hits you. The arrow of flame burns you.
The centaur shoots an arrow of flame.
The arrow of flame hits you! The arrow of flame burns you.
You see here an arrow of flame.
The centaur shoots an arrow of flame.
The arrow of flame hits you!
You die...

.....##
#...#..####.....## #..
.....#
##...##.........## ##.
......##...###..######.#
##>. ...##.##...##..##
#.# ##..# ..##
......##.## #.. ##...#
### .#.......#
#..####...†. ##..###.##
##...#....... . #
#..######.........##. .#
##.(@...........##### .#
#((.............<### ..
#.#####............#
#..# #...#.....##..
...## ... #....#####
..PP. .. ##...# ##


...PPPP #...# #. .. PcP ##..## #. . .P #...##.. You could see a centaur.

Vanquished Creatures
  A scorpion (D:4)
  A hound (D:4)
  A worker ant (D:4)
  A gnoll (D:1)
  An adder (D:4)
  A ball python (D:1)
  A giant cockroach (D:1)
  5 goblins (D:1)
  5 hobgoblins (D:1)
  4 kobolds
  2 bats (D:1)
  4 giant newts
  7 rats
34 creatures vanquished.

Notes
Turn   | Place    | Note
--------------------------------------------------------------
     0 | D:1      | pyrostar991 the Minotaur Berserker began the quest for the Orb.
     0 | D:1      | Reached XP level 1. HP: 19/19 MP: 0/0
   210 | D:1      | Reached skill level 4 in Fighting
   248 | D:1      | Reached XP level 2. HP: 24/27 MP: 1/1
   539 | D:1      | Reached XP level 3. HP: 29/34 MP: 2/2
   775 | D:2      | You fall through a shaft for 2 floors!
   845 | D:4      | Found a staircase to the Ecumenical Temple.
   948 | D:4      | Found an iron altar of Okawaru.
  1078 | D:4      | Reached skill level 5 in Fighting
  1134 | D:4      | Noticed a scorpion
  1151 | D:4      | Killed a scorpion
  1151 | D:4      | Reached XP level 4. HP: 42/42 MP: 3/3
  1259 | D:4      | Acquired Trog's second power
  1279 | D:4      | Reached XP level 5. HP: 41/48 MP: 4/4
  1340 | D:4      | Found a blossoming altar of Fedhas.
  1341 | D:4      | Noticed a centaur
  1347 | D:4      | Shot with an arrow of flame by a centaur

Vault maps used:
D:1:      dpeg_arrival_windows_large_door
D:2:      kiku_gazebo_pond_becter
D:4:      okawaru_trees_2, fedhas_bush_and_centaur_altar,
          minmay_temple_entry_grid, kennysheep_small_square

Action                   |  1- 3 |  4- 6 || total
-------------------------+-------+-------++-------
Melee: Spear             |    23 |       ||    23
       Halberd           |    22 |    11 ||    33
Invok: Berserk           |     2 |       ||     2
  Eat: Royal jelly       |     1 |       ||     1
       Chunk             |       |     1 ||     1
